 Dungeon Crawl Stone Soup version bcrawl-1.12-10-g10a67aac0f (webtiles) character file.

Game seed: 14917432338435604902

154 Banto the Insei (level 5, -8/33 HPs)
             Began as an Octopode Transmuter on June 13, 2019.
             Mangled by Sigmund
             ... wielding a +0 scythe
              (9 damage)
             ... on level 3 of the Dungeon.
             The game lasted 00:02:46 (2406 turns).

Banto the Insei (Octopode Transmuter)               Turns: 2406, Time: 00:02:47

Health: -8/33      AC:  1    Str:  9    XL:     5   Next: 35%
Magic:  1/9        EV: 13    Int: 18    God:
Gold:   218        SH:  0    Dex: 15    Spells: 4/10 levels left

rFire    + . .     SeeInvis .     - Unarmed
rCold    . . .     Gourm    .   (no shield)
rNeg     . . .     Faith    .   (helmet restricted)
rPois    .         Spirit   .   (cloak restricted)
rElec    .         Reflect  .   (no amulet)
rCorr    .         Harm     .   (no ring)
MR       .....                  (no ring)
Stlth    ++........             (no ring)
HPRegen  0.00/turn              (no ring)
MPRegen  0.11/turn              (no ring)
                                (no ring)
                                (no ring)
                                (no ring)

@: no status effects
A: almost no armour, stealthy swim, amphibious, 8 rings, constrict 8, camouflage
1, agile 1, clever 1, fire resistance 1, inhibited regeneration, gelatinous body
1
a: no special abilities


You were on level 3 of the Dungeon.
You were not hungry.

You visited 1 branch of the dungeon, and saw 3 of its levels.

You collected 218 gold pieces.

Inventory:

Missiles
 a - 41 arrows
Scrolls
 n - a scroll of remove curse
Potions
 c - 2 potions of lignification
 i - a potion of brilliance
 j - 3 potions of curing
 k - a potion of haste {unknown}
 l - a potion of magic {unknown}
 o - 2 potions of flight
 p - a potion of agility {unknown}
 t - a potion of berserk rage {unknown}
 u - a potion of heal wounds {unknown}
Comestibles
 d - 5 rations {!d}


   Skills:
 - Level 1.0 Fighting
 - Level 2.0 Dodging
 + Level 4.3 Unarmed Combat
 - Level 3.0 Spellcasting
 + Level 3.6 Transmutations


You had 4 spell levels left.
You knew the following spells:

 Your Spells              Type           Power        Failure   Level  Hunger
a - Beastly Appendage     Tmut           ###...       3%          1    None
b - Sticks to Snakes      Tmut           ###.....     5%          2    ##.....
c - Spider Form           Tmut/Pois      #.........   24%         3    ###....

Your spell library contained the following spells:

 Spells                   Type           Power        Failure   Level  Hunger
 Ice Form                 Ice/Tmut       #.......     61%         4    ####...
 Blade Hands              Tmut           ###.......   71%         5    ######.


Dungeon Overview and Level Annotations

Branches:
Dungeon (3/12)

Altars:
Kikubaaqudgha

Annotations:
D:3 Sigmund


Innate Abilities, Weirdness & Mutations

You cannot wear most types of armour.
You are very stealthy in the water. (Stealth+)
You are amphibious.
You can wear up to eight rings at the same time.
You can use your tentacles to constrict eight enemies at once.
Your skin changes colour to match your surroundings (Stealth+).
Your rubbery body absorbs attacks. (AC +1, EV +1)
You are agile. (Dex +2)
Your mind is acute. (Int +2)
Your flesh is heat resistant. (rF+)
You do not regenerate when monsters are visible.


Message History

Your adder bites Ijyb but does no damage.
The bullfrog hits your adder!
You tentacle-slap Ijyb.
Ijyb is almost dead.
You constrict Ijyb.
Your adder bites Ijyb.
Ijyb dies!
Your adder looks stronger.
The bullfrog misses your adder.
Your adder misses the bullfrog.
Your adder bites the bullfrog.
Unknown command.
The bullfrog hits your adder.
Your adder dies!
Your adder bites the bullfrog.
Items here: ( )) / [ a +0 dagger of venom; a +0 hunting sling; 188 sling bullets a +0 leather armour; a wand of polymorph (4)
You swap places.
The bullfrog hits you!
* * * LOW HITPOINT WARNING * * *
Something hits you!
You die...

#. #. ####'#####
#..(.....# #........#
#........# #........#
#.....@S.# .#####
#....F.†.#
≈)...#########.##########
.....).r.FS....# ###<..##
≈.....#############......#
......# #<.....=>.....#
....).# ########......#
......# #......# ......#
#####.##


You could see a bullfrog and a friendly adder.

Vanquished Creatures
  An orc wizard (D:3)
  Natasha (D:3)
  2 adders
  An ooze (D:1)
  A worm (D:2)
  3 dart slugs
  A leopard gecko (D:2)
  2 orcs (D:3)
  3 giant cockroaches
  3 goblins
  6 hobgoblins
  A quokka (D:2)
  3 bats
  3 frilled lizards
  A kobold (D:1)
  3 rats
35 creatures vanquished.

Vanquished Creatures (collateral kills)
  Ijyb (D:3)
  Natasha (D:3)
  A hobgoblin (D:3)
  A bat (D:3)
4 creatures vanquished.

Grand Total: 39 creatures vanquished

Notes
Turn   | Place    | Note
-------+----------+-------------------------------------------
     0 | D:1      | Banto the Octopode Transmuter began the quest for the Orb.
     0 | D:1      | Reached XP level 1. HP: 13/13 MP: 3/3
    76 | D:1      | Reached XP level 2. HP: 12/18 MP: 5/5
  1157 | D:2      | Found an ancient bone altar of Kikubaaqudgha.
  1164 | D:2      | Reached XP level 3. HP: 13/23 MP: 4/6
  1303 | D:2      | Learned a level 2 spell: Sticks to Snakes
  1307 | D:2      | Learned a level 3 spell: Spider Form
  1907 | D:3      | Reached XP level 4. HP: 7/28 MP: 5/8
  2118 | D:3      | Noticed Natasha
  2138 | D:3      | Killed Natasha
  2273 | D:3      | Gained mutation: You do not regenerate when monsters are
                  | visible. [potion of mutation]
  2273 | D:3      | Gained mutation: Your flesh is heat resistant. (rF+)
                  | [potion of mutation]
  2273 | D:3      | Gained mutation: You are agile. (Dex +2) [potion of
                  | mutation]
  2273 | D:3      | Gained mutation: Your mind is acute. (Int +2) [potion of
                  | mutation]
  2370 | D:3      | Noticed Sigmund
  2370 | D:3      | Noticed Natasha
  2373 | D:3      | Noticed a bullfrog
  2380 | D:3      | Killed Natasha
  2380 | D:3      | Reached skill level 4 in Unarmed Combat
  2380 | D:3      | Reached XP level 5. HP: 9/33 MP: 9/9
  2394 | D:3      | Noticed Ijyb
  2404 | D:3      | Killed Ijyb
  2406 | D:3      | HP: 1/33 [bullfrog (9)]
  2406 | D:3      | Mangled by Sigmund

Skill      XL: |  1  2  3  4 |
---------------+-------------+-----
Transmutations | 3 |  3.6
Spellcasting   | 3 |  3.0
Unarmed Combat | 4 |  4.3
Fighting       | |  1.0
Dodging        | |  2.0

Action                   |  1- 3 |  4- 6 || total
-------------------------+-------+-------++-------
Melee: Unarmed           |    71 |    25 ||    96
       Tentacles         |    14 |     1 ||    15
       Constrict         |    18 |     8 ||    26
       Kick              |     6 |       ||     6
       Punch             |     2 |     4 ||     6
Throw: Throwing net      |       |     1 ||     1
 Cast: Beastly Appendage |     2 |     1 ||     3
       Sticks to Snakes  |     1 |    11 ||    12
  Use: Scroll            |    10 |     3 ||    13
       Potion            |       |     2 ||     2
 Stab: Sleeping          |     5 |       ||     5
  Eat: Chunk             |     3 |     2 ||     5
Armor: Skin              |     5 |     5 ||    10
Dodge: Dodged            |    26 |    25 ||    51
